 Dungeon Crawl Stone Soup version 0.31-a0-430-gf8416d752b (webtiles) character file.

Game seed: 17858764662677769080

567 AdnanSaban the Covered (level 7, -1/44 HPs)
             Began as a Gargoyle Fighter on July 30, 2023.
             Slain by an orc warrior
             ... wielding a +0 dire flail
              (9 damage)
             ... on level 4 of the Dungeon.
             The game lasted 00:04:48 (3931 turns).

AdnanSaban the Covered (Gargoyle Fighter)           Turns: 3931, Time: 00:04:49

Health: -1/44      AC: 13    Str: 21    XL:     7   Next: 33%
Magic:  7/7        EV:  9    Int: 15    God:
Gold:   276        SH:  4    Dex:  9    Spells: 6/6 levels left

rFire   . . .        a - +0 flail
rCold   . . .        c - +0 buckler
rNeg    + . .        b - +0 scale mail
rPois   ∞            (no helmet)
rElec   +            (no cloak)
rCorr   .            (no gloves)
SInv    .            m - +0 pair of boots
Will    .....        (no amulet)
Stlth   +            s - +6 ring of intelligence
HPRegen 0.27/turn    (no ring)
MPRegen 0.10/turn

%: no passive effects
@: no status effects
A: sickness immunity, AC +4, negative energy resistance 1, electricity
resistance, torment resistance 1, petrification resistance
a: no special abilities


You were on level 4 of the Dungeon.
You visited 1 branch of the dungeon, and saw 5 of its levels.

You collected 276 gold pieces.

Inventory:

Hand Weapons
 a - a +0 flail (weapon)
Missiles
 e - 45 stones (quivered)
 l - 9 poisoned darts
 n - 2 silver javelins
 p - 2 javelins
Armour
 b - a +0 scale mail (worn)
 c - a +0 buckler (worn)
 m - a +0 pair of boots (worn)
Jewellery
 s - a +6 ring of intelligence (left hand)
 t - an amulet of regeneration
Wands
 q - a wand of iceblast (9)
 u - a wand of polymorph (5)
Scrolls
 f - 4 scrolls of identify {unknown}
 g - 2 scrolls of summoning {unknown}
 h - a scroll of brand weapon {unknown}
 i - a scroll of poison {unknown}
 o - a scroll of fear {unknown}
 r - 3 scrolls of teleportation {unknown}
Potions
 d - 2 potions of might
 j - a potion of lignification {unknown}
 k - 2 potions of ambrosia {unknown}
 v - a potion of mutation {unknown}


   Skills:
 + Level 4.5 Fighting
 + Level 4.7 Maces & Flails
 + Level 0.5 Throwing
 + Level 4.8 Armour
 + Level 1.1 Dodging
 - Level 3.3 Stealth
 + Level 4.1 Shields


You had 6 spell levels left.
You didn't know any spells.
Your spell library contained the following spells:

 Spells                   Type           Power      Damage    Failure   Level
 Ignite Poison            Fire/Tmut/Pois 0%         N/A       95%         3
 Summon Guardian Golem    Hex/Summ       0%         N/A       95%         3
 Freezing Cloud           Conj/Ice/Air   0%         6-21      100%        5
 Orb of Destruction       Conj           0%         9d5       100%        7
 Spellforged Servitor     Conj/Summ      0%         N/A       100%        7
 Cigotuvi's Dreadful Rot  Necr/Pois/Air  Unusable   N/A       N/A         2

Dungeon Overview and Level Annotations

Branches:
Dungeon (5/15)
 Temple: D:4-7

Altars:
Gozag
Vehumet


Innate Abilities, Weirdness & Mutations

You are immune to sickness and miasma.
Your stone body is resilient. (AC +4)
You are immune to poison.
You resist negative energy. (rN+)
You are resistant to electric shocks. (rElec)
You are resistant to unholy torment.
You are immune to petrification.


Message History

You sock the hound!
The hound is heavily wounded.
The hound closely misses you. The hound bites you but does no damage.
You closely miss the hound.
The hound is heavily wounded.
The hound bites you but does no damage. The hound closely misses you.
You closely miss the hound.
The hound is heavily wounded.
The hound bites you. The hound bites you but does no damage.
You closely miss the hound.
The hound is heavily wounded.
The hound bites you but does no damage. The hound bites you.
The orc shouts!
You sock the hound!
The hound is almost dead.
The hound bites you. The hound barely misses you.
You closely miss the hound.
The hound is almost dead.
The hound bites you but does no damage.
You hit the hound.
You kill the hound!
An orc wizard comes into view. It is wielding a +0 quarterstaff.
The orc warrior hits you with a +0 dire flail!
You hit the orc warrior but do no damage.
The orc warrior hits you with a +0 dire flail!
You barely miss the orc warrior. The orc warrior closely misses you.
You barely miss the orc warrior.
The orc warrior hits you with a +0 dire flail!
* * * LOW HITPOINT WARNING * * *
There is a stone staircase leading up here.
The orc warrior hits you with a +0 dire flail.
* * * LOW HITPOINT WARNING * * *
You climb upwards.
There is a stone staircase leading down here.
You can't go up here!
The orc warrior attacks as you move away!
You block the orc warrior's attack.
The orc warrior attacks as you move away!
The orc warrior hits you with a +0 dire flail!
You die...

############
#..........#
#.########.# #.#
#.# #.# #.# #.#
#@# #####.# #o#
#.....# #.#
###.....# #.#
.##.....########.#
................>#
.##.....########.#
.##.....# #.#
.######.# #.#


You could see an orc warrior.

Vanquished Creatures
  Sigmund (D:3)
  An ogre (D:5)
  A hound (D:5)
  A jelly (D:5)
  An orc priest (D:4)
  An iguana (D:4)
  A sleepcap (D:4)
  4 orc wizards
  3 adders
  An ufetubus (D:5)
  A worm (D:2)
  2 dart slugs (D:1)
  8 orcs
  7 ball pythons
  6 bats
  5 endoplasms
  3 giant cockroaches
  3 goblins
  3 hobgoblins (D:1)
  4 kobolds
  5 quokkas
  3 frilled lizards
  8 rats
73 creatures vanquished.

Notes
Turn   | Place    | Note
-------+----------+-------------------------------------------
     0 | D:1      | AdnanSaban the Gargoyle Fighter began the quest for the
                  | Orb.
     0 | D:1      | Reached XP level 1. HP: 14/14 MP: 1/1
    60 | D:1      | Reached XP level 2. HP: 18/19 MP: 2/2
   400 | D:1      | Reached XP level 3. HP: 24/24 MP: 3/3
  1013 | D:2      | Reached skill level 1 in Stealth
  1245 | D:2      | Identified the +6 dagger of Kismet {flame, rCorr}
  1544 | D:3      | Found an opulent altar of Gozag.
  1565 | D:3      | Found a radiant altar of Vehumet.
  1674 | D:3      | Reached XP level 4. HP: 29/29 MP: 4/4
  1833 | D:3      | You fall into a shaft and drop 1 floor!
  2089 | D:3      | Reached XP level 5. HP: 19/33 MP: 5/5
  2190 | D:3      | Noticed Sigmund
  3003 | D:4      | Reached XP level 6. HP: 24/38 MP: 6/6
  3123 | D:3      | Killed Sigmund
  3361 | D:5      | Entered Level 5 of the Dungeon
  3591 | D:5      | Reached skill level 1 in Dodging
  3591 | D:5      | Reached XP level 7. HP: 43/44 MP: 7/7
  3931 | D:4      | Slain by an orc warrior

Illustrated notes

Levels and vault maps discovered:
D:1:      sevenhm_arrival_forest_fort_small_6, layout_basic,
          minmay_misc_feat_plants
D:2:      layout_loops_ring, roderic_roman_lattice
D:3:      layout_basic, mainiacjoe_overflow_tiny_flanked,
          nicolae_gozag_cash_rules_everything_around_me, uniq_sigmund
D:4:      layout_basic
D:5:      layout_basic

Skill      XL: |  1  2  3  4  5  6 |
---------------+-------------------+-----
Stealth        | 1 2 3 |  3.3
Maces & Flails | 3 4 |  4.7
Fighting       | 4 |  4.5
Armour         | 4 |  4.8
Shields        | 4 |  4.1
Dodging        | 1 |  1.1
Throwing       | |  0.5

Action                     |  1- 3 |  4- 6 |  7- 9 || total
---------------------------+-------+-------+-------++-------
  Melee: Flail             |   117 |   110 |    31 ||   258
  Throw: Stone             |       |    15 |     5 ||    20
 Armour: Scale mail        |    89 |    69 |    33 ||   191
  Dodge: Dodged            |    80 |    34 |    19 ||   133
  Block: Buckler           |    21 |    13 |     8 ||    42

Table legend: (Time is in decaauts)
 A = Elapsed time spent in this place.
 B = Non-inter-level travel time spent in this place.
 C = Inter-level travel time spent in this place.
 D = Time resting spent in this place.
 E = Time spent auto-exploring this place.
 F = Levels seen in this place.
 G = Mean time per level.
                   A        B        C        D        E       F      G
               +--------+--------+--------+--------+--------+-----+--------+
         Total |   4006 |   3876 |    130 |    481 |   2593 |   5 |  801.2 |
       Dungeon |   4006 |   3876 |    130 |    481 |   2593 |   5 |  801.2 |
               +--------+--------+--------+--------+--------+-----+--------+

Top non-repeatable levels by time:
     D:4: 1169 daAuts
     D:1: 766 daAuts
     D:3: 762 daAuts
     D:2: 736 daAuts
     D:5: 572 daAuts
